 Dungeon Crawl Stone Soup version 0.32-a0-22-g6ae6769602 (webtiles) character file.

Game seed: 11153032617771066316

13837 jasper the Protected (level 12, -4/77 HPs)
             Began as a Gargoyle Earth Elementalist on Jan 18, 2024.
             Was a Priest of Vehumet.
             Slain by a komodo dragon (7 damage)
             ... on level 9 of the Dungeon.
             The game lasted 00:23:44 (12213 turns).

jasper the Protected (Gargoyle Earth Elementalist) Turns: 12213, Time: 00:23:44

Health: -4/77      AC: 21    Str: 12    XL:     12   Next: 10%
Magic:  12/18      EV: 11    Int: 33    God:    Vehumet [***...]
Gold:   1695       SH:  0    Dex: 13    Spells: 4/19 levels left

rFire   . . .        m - +0 morningstar
rCold   + . .        (no shield)
rNeg    + . .        k - +1 ring mail {rC+}
rPois   ∞            B - +1 helmet
rElec   +            E - +0 cloak
rCorr   .            (no gloves)
SInv    .            (no boots)
Will    .....        c - amulet of Free Will {Acrobat Regen+ Dex+3 Stlth+}
Stlth   ++           H - +6 ring of intelligence
HPRegen 1.12/turn    C - +6 ring of intelligence
MPRegen 0.16/turn

%: acrobat
@: no status effects
A: sickness immunity, AC +8, negative energy resistance 1, electricity
resistance, torment resistance 1, petrification resistance
a: Renounce Religion


You were on level 9 of the Dungeon.
You worshipped Vehumet.
Vehumet was most pleased with you.
You visited 3 branches of the dungeon, and saw 13 of its levels.
You also visited: Bailey.

You collected 1695 gold pieces.

Inventory:

Hand Weapons
 d - a +0 heavy mace
 m - a +0 morningstar (weapon)
 n - a +2 mace of protection
 u - a +4 heavy dire flail
Missiles
 i - 19 boomerangs
 r - 7 javelins
 I - 3 curare-tipped darts
Armour
 a - a +0 robe
 k - a +1 ring mail of cold resistance (worn)
 p - a +0 leather armour
 w - a +0 tower shield
 y - a +0 ring mail
 B - a +1 helmet (worn)
 E - a +0 cloak (worn)
 O - the +2 shield of Resistance {rF++ rC++ Will++}
   (You acquired it on level 9 of the Dungeon)

   rF++:      It greatly protects you from fire.
   rC++:      It greatly protects you from cold.
   Will++:    It greatly increases your willpower.
 R - the +2 pair of boots of Death Resistance {rF- Int+4 Dex+4}
   (You acquired it on level 9 of the Dungeon)

   Int+4:     It affects your intelligence (+4).
   Dex+4:     It affects your dexterity (+4).
   rF-:       It makes you vulnerable to fire.
Magical Staves
 o - a staff of cold
 S - a staff of fire
Jewellery
 c - the amulet of Free Will (around neck) {Acrobat Regen+ Dex+3 Stlth+}
   (You acquired it on level 1 of the Dungeon)

   [amulet of the acrobat]

   Acrobat:   It increases your evasion while moving and waiting.
   Dex+3:     It affects your dexterity (+3).
   Regen+:    It increases your rate of health regeneration.
   Stlth+:    It makes you more stealthy.
 j - a ring of resist corrosion
 s - an amulet of magic regeneration
 v - a +6 ring of dexterity
 C - a +6 ring of intelligence (right hand)
 F - a ring of flight
 G - a ring of ice
 H - a +6 ring of intelligence (left hand)
Wands
 e - a wand of mindburst (7)
 g - a wand of flame (16)
 q - a wand of charming (11)
 x - a wand of quicksilver (6)
 D - a wand of polymorph (12)
 M - a wand of iceblast (12)
Scrolls
 t - 3 scrolls of enchant weapon
 A - 2 scrolls of enchant armour
 N - 2 scrolls of teleportation
 P - a scroll of blinking
 Q - 2 scrolls of fear
 V - 2 scrolls of butterflies
 W - a scroll of immolation
Potions
 b - 2 potions of magic
 f - 3 potions of heal wounds
 h - 4 potions of enlightenment
 l - 8 potions of curing
 z - 2 potions of attraction
 J - 4 potions of lignification
 K - 4 potions of mutation
 L - a potion of brilliance
 T - a potion of resistance
 U - a potion of degeneration {unknown}


   Skills:
 - Level 10.2 Fighting
 - Level 12.4 Armour
 - Level 1.5 Dodging
 - Level 2.1 Stealth
 + Level 5.1 Shields
 - Level 4.0 Spellcasting
 - Level 6.1 Conjurations
 - Level 2.1 Translocations
 - Level 5.4 Fire Magic
 - Level 9.0 Earth Magic


You had 4 spell levels left.
You knew the following spells:

 Your Spells              Type           Power      Damage    Failure   Level
a - Sandblast             Erth           100%       2d20      1%          1
b - Passwall              Erth           60%        N/A       1%          3
c - Stone Arrow           Conj/Erth      100%       3d13      1%          3
d - Blink                 Tloc           40%        N/A       6%          2
e - Apportation           Tloc           40%        N/A       4%          1
f - Fireball              Conj/Fire      22%        3d10      7%          5

Your spell library contained the following spells:

 Spells                   Type           Power      Damage    Failure   Level
 Kiss of Death            Conj/Necr      100%       2d13      1%          1
 Magic Dart               Conj           100%       1d8       1%          1
 Sting                    Conj/Alch      100%       1d9       1%          1
 Scorch                   Fire           84%        2d8       1%          2
 Static Discharge         Conj/Air       52%        3-6/arc   1%          2
 Brom's Barrelling Bould  Conj/Erth      54%        2d7       1%          4
 Hailstorm                Conj/Ice       26%        3d7       2%          3
 Flame Wave               Conj/Fire      45%        2d12      2%          4
 Necrotise                Necr           24%        1d5       10%         1
 Slow                     Hex            24%        N/A       10%         1
 Summon Small Mammal      Summ           24%        N/A       10%         1
 Call Imp                 Summ           12%        N/A       14%         2
 Animate Armour           Summ/Erth      72%        N/A       14%         4
 Petrify                  Alch/Erth      36%        N/A       14%         4
 Airstrike                Air            3%         2d(1-17)  24%         4
 Call Canine Familiar     Summ           6%         N/A       28%         3
 Confusing Touch          Hex            6%         N/A       28%         3
 Sigil of Binding         Hex            6%         N/A       28%         3
 Summon Ice Beast         Ice/Summ       6%         N/A       28%         3
 Vampiric Draining        Necr           6%         2d6       28%         3
 Summon Blazeheart Golem  Fire/Summ      24%        N/A       30%         4
 Cause Fear               Hex            3%         N/A       67%         4
 Dispel Undead            Necr           6%         3d8       67%         4
 Summon Lightning Spire   Summ/Air       6%         N/A       67%         4
 Lee's Rapid Deconstruct  Erth           30%        3d16*     1%          5
 Bombard                  Conj/Erth      27%        9d5       17%         6
 Arcjolt                  Conj/Air       13%        1d23      19%         5
 Borgnjor's Vile Clutch   Necr/Erth      18%        N/A       38%         5
 Alistair's Intoxication  Alch           4%         N/A       95%         5
 Eringya's Noxious Bog    Alch           3%         4d6       96%         6
 Sculpt Simulacrum        Ice/Alch       3%         N/A       100%        6
 Summon Cactus Giant      Summ           3%         N/A       100%        6
 Summon Hydra             Summ           3%         N/A       100%        7
 Dragon's Call            Summ           3%         N/A       100%        9
 Sublimation of Blood     Necr           Unusable   N/A       N/A         2

Dungeon Overview and Level Annotations

Branches:
Dungeon (11/15)            Temple (1/1) D:4            Lair (1/5) D:9
    Orc (0/2) D:9          Bailey (visited)

Altars:
Ashenzari
Cheibriados
Dithmenos
Elyvilon
Fedhas
Gozag
Hepliaklqana
Kikubaaqudgha
Makhleb
Nemelex Xobeh
Okawaru
Qazlal
Ru
Sif Muna
Trog
Uskayaw
Vehumet
Wu Jian
Xom
Yredelemnul
Zin
The Shining One

Shops:
D:8 (

Annotations:
D:10 Snorg, Sonja


Innate Abilities, Weirdness & Mutations

You are immune to sickness and miasma.
Your stone body is resilient. (AC +8)
You are immune to poison.
You resist negative energy. (rN+)
You are resistant to electric shocks. (rElec)
You are resistant to unholy torment.
You are immune to petrification.


Message History

The icy flash freeze hits you! You partially resist.
You are encased in ice.
You take 5 damage, and have 29/77 hp.
You now have 12/18 mp.
Aiming: Sandblast (safe; 1% risk of failure)
Press: ? - help, Q - select action, (/) - cycle Shift-Dir - straight line, f/p - rime drake
Aim: a rime drake (heavily wounded, catching its breath, 82% to hit)
The blast of sand hits the rime drake!
The rime drake is almost dead.
The rime drake bites you but does no damage.
The rime drake bites you.
You take 4 damage, and have 25/77 hp.
You now have 11/18 mp.
Aiming: Sandblast (safe; 1% risk of failure)
Press: ? - help, Q - select action, (/) - cycle Shift-Dir - straight line, f/p - rime drake
Aim: a rime drake (almost dead, 82% to hit)
The blast of sand misses the rime drake.
The rime drake closely misses you. The komodo dragon bites you.
* * * LOW HITPOINT WARNING * * *
The rime drake barely misses you.
The komodo dragon bites you but does no damage.
You take 4 damage, and have 21/77 hp.
You now have 10/18 mp.
Aiming: Sandblast (safe; 1% risk of failure)
Press: ? - help, Q - select action, (/) - cycle Shift-Dir - straight line, f/p - rime drake
Aim: a rime drake (almost dead, 82% to hit)
The blast of sand hits the rime drake!!
You kill the rime drake!
Vehumet accepts your kill.
You feel your power returning. The ice encasing you melts away.
The komodo dragon bites you!!
* * * LOW HITPOINT WARNING * * *
Your Shields skill increases to level 5!
You take 19 damage, and have 2/77 hp.
MASSIVE DAMAGE!!
You regained 3 mp, and now have 13/18 mp.
Aiming: Sandblast (safe; 1% risk of failure)
Press: ? - help, Q - select action, (/) - cycle Shift-Dir - straight line, f - komodo dragon
Aim: a komodo dragon (moderately wounded, 89% to hit)
The blast of sand hits the komodo dragon!
The komodo dragon is severely wounded.
The komodo dragon bites you!
You die...

..............[................#.
...............................#.
...............................#.
.............#######...........#.
............#...≈...#....[.....#.
....[.........#...#............'.
#######'##...##P..##...##......#.
...........#..PPPPP..#..#......#.
...........#≈..l@P..≈#..#....[.#.
...........#...†P.P..#..#.[....#.
.............##P.P##....#......#.
..............#...#.....#......#.
............#...≈...#...#.<....#.
.............#######....########.
........................#########
............#...........#........
........................#........


You could see a komodo dragon.

Vanquished Creatures
  2 vault guards (Bailey)
  A two-headed ogre (D:8)
  Pikel (D:4)
  A manticore (D:11)
  The ghost of croobank the Grave Robber, a novice FeNe (D:7)
  An unseen horror (D:10)
  2 gargoyles
  A komodo dragon (D:11)
  A kobold demonologist (D:11)
  A rime drake (D:9)
  Grinder (D:4)
  Prince Ribbit (Bailey)
  20 yaks
  A water elemental (D:11)
  2 wraiths
  5 humans (Bailey)
  2 steam dragons
  Menkaure (D:4)
  Edmund (D:5)
  Duvessa (D:4)
  A sky beast (D:8)
  2 ice beasts
  3 orc warriors
  An ogre (D:7)
  2 centaurs (D:9)
  A kobold brigand (D:8)
  Blork the orc (D:5)
  9 bullfrogs
  4 scorpions
  A water moccasin zombie (D:6)
  6 wights
  Dowan (D:4)
  2 water moccasin skeletons (D:6)
  11 killer bees
  8 howler monkeys
  An electric eel (D:11)
  4 bombardier beetles
  4 bullfrog zombies (D:6)
  A gnoll bouda (D:6)
  An orc priest (D:3)
  3 hounds
  Crazy Yiuf (D:2)
  A sleepcap (D:8)
  Terence (D:3)
  3 iguanas
  10 orc wizards
  Ijyb (D:5)
  Natasha (D:2)
  2 howler monkey zombies (D:6)
  Robin (D:2)
  5 gnolls
  7 adders
  6 ufetubi
  2 dart slugs (D:3)
  A ribbon worm (D:4)
  29 orcs
  8 endoplasms
  5 giant cockroaches
  7 hobgoblins
  9 jackals
  10 kobolds
  5 quokkas
  10 ball pythons
  4 bats
  3 frilled lizards
  21 goblins
  8 rats
275 creatures vanquished.

Notes
Turn   | Place    | Note
-------+----------+-------------------------------------------
     0 | D:1      | jasper the Gargoyle Earth Elementalist began the quest for
                  | the Orb.
     0 | D:1      | Reached XP level 1. HP: 10/10 MP: 3/3
   223 | D:1      | Reached XP level 2. HP: 16/16 MP: 3/5
   252 | D:1      | Reached skill level 1 in Fighting
   655 | D:1      | Reached XP level 3. HP: 22/22 MP: 2/6
   727 | D:1      | Learned a level 3 spell: Passwall
  1162 | D:1      | Identified a scroll of acquirement
  1162 | D:1      | Acquired the amulet of Free Will {Acrobat Regen+ Dex+3
                  | Stlth+}
  1192 | D:2      | Noticed Robin
  1400 | D:3      | Reached XP level 4. HP: 29/29 MP: 2/7
  1518 | D:3      | Reached XP level 5. HP: 34/34 MP: 5/8
  1670 | D:4      | Reached skill level 5 in Fighting
  2023 | D:4      | Reached skill level 5 in Earth Magic
  2023 | D:4      | Reached XP level 6. HP: 36/40 MP: 2/9
  2027 | D:4      | Learned a level 3 spell: Stone Arrow
  2215 | D:4      | Noticed Menkaure
  2222 | D:4      | Killed Menkaure
  2297 | D:4      | Noticed Grinder
  2311 | D:5      | Entered Level 5 of the Dungeon
  2367 | D:5      | Noticed Ijyb
  2374 | D:5      | Killed Ijyb
  2509 | D:5      | Reached XP level 7. HP: 44/44 MP: 3/10
  2617 | D:5      | Noticed Blork the orc
  2641 | D:5      | Killed Blork the orc
  3132 | D:5      | Noticed Edmund
  3143 | D:5      | Killed Edmund
  3280 | D:5      | Reached XP level 8. HP: 39/54 MP: 4/11
  4835 | D:3      | Noticed Terence
  4845 | D:3      | Killed Terence
  5149 | D:2      | Killed Robin
  5286 | D:2      | Found a bloodstained altar of Trog.
  5438 | D:2      | Found a faded altar of an unknown god.
  5476 | D:2      | Noticed Natasha
  5479 | D:2      | Killed Natasha
  5480 | D:2      | Reached skill level 10 in Fighting
  5863 | D:2      | Found a runed translucent door.
  5864 | D:2      | Noticed Crazy Yiuf
  5869 | D:2      | Killed Crazy Yiuf
  6135 | D:3      | Learned a level 2 spell: Blink
  6380 | D:4      | Noticed Duvessa
  6383 | D:4      | Noticed Dowan
  6555 | D:4      | Paralysed by Grinder for 2 turns
  6557 | D:4      | Killed Grinder
  6558 | D:4      | Reached XP level 9. HP: 53/62 MP: 7/12
  6728 | D:4      | Noticed Pikel
  6738 | D:4      | Killed Pikel
  6739 | D:4      | Reached skill level 3 in Armour
  6879 | D:4      | Killed Duvessa
  6880 | D:4      | Reached skill level 4 in Armour
  6880 | D:4      | Killed Dowan
  7026 | D:4      | Found a staircase to the Ecumenical Temple.
  7035 | Temple   | Entered the Ecumenical Temple
  7051 | Temple   | Became a worshipper of Vehumet
  7192 | D:6      | Reached skill level 5 in Armour
  7237 | D:7      | Found a runed translucent door.
  7238 | D:7      | Noticed croobank's ghost (novice FeNe)
  7421 | D:7      | Found a shimmering altar of Xom.
  7475 | D:7      | Reached skill level 6 in Armour
  7582 | D:7      | Reached * piety under Vehumet
  7582 | D:7      | Offered knowledge of Shock by Vehumet.
  7591 | D:7      | Reached skill level 7 in Armour
  7688 | D:7      | Reached skill level 8 in Armour
  7688 | D:7      | Reached XP level 10. HP: 68/68 MP: 8/13
  7739 | D:7      | Learned a level 1 spell: Apportation
  8063 | D:7      | Killed croobank's ghost
  8064 | D:7      | Reached skill level 9 in Armour
  8101 | D:8      | Noticed a two-headed ogre
  8111 | D:8      | Killed a two-headed ogre
  8112 | D:8      | Reached skill level 10 in Armour
  8149 | D:8      | Identified the +1 plate armour "Koxeunudgh" {Harm rElec
                  | Dex-4}
  8234 | D:8      | Found a flagged portal.
  8258 | Bailey   | Entered a bailey
  8291 | Bailey   | Reached skill level 11 in Armour
  8413 | Bailey   | Noticed Prince Ribbit
  8418 | Bailey   | Killed Prince Ribbit
  8445 | Bailey   | Noticed a vault guard
  8471 | Bailey   | Killed a vault guard
  8472 | Bailey   | Reached skill level 12 in Armour
  8553 | Bailey   | Acquired 957 gold pieces
  8569 | Bailey   | Noticed a vault guard
  8576 | Bailey   | Killed a vault guard
  8577 | Bailey   | Reached XP level 11. HP: 72/72 MP: 13/16
  8583 | Bailey   | Learned a level 5 spell: Fireball
  8644 | Bailey   | Reached ** piety under Vehumet
  8652 | Bailey   | Reached skill level 1 in Fire Magic
  8652 | Bailey   | Offered knowledge of Mercury Vapours by Vehumet.
  8790 | D:8      | Found Ceopin's Weapon Shop.
  9360 | D:9      | Found a staircase to the Lair.
  9450 | D:9      | Acquired the +2 pair of boots of Death Resistance {rF-
                  | Int+4 Dex+4}
  9452 | D:9      | Acquired a staff of fire
  9454 | D:9      | Acquired the +2 shield of Resistance {rF++ rC++ Will++}
  9454 | D:9      | Found the +2 shield of Resistance {rF++ rC++ Will++}
  9885 | D:9      | Found a staircase to the Orcish Mines.
 10325 | D:10     | Entered Level 10 of the Dungeon
 10337 | D:10     | Offered knowledge of Static Discharge by Vehumet.
 10370 | D:10     | Reached skill level 5 in Conjurations
 10584 | D:10     | Reached *** piety under Vehumet
 10597 | D:10     | Noticed Sonja
 10699 | D:10     | Reached skill level 5 in Fire Magic
 10766 | D:10     | Found a hazy altar of Hepliaklqana.
 10767 | D:10     | Found a bloodstained altar of Trog.
 10832 | D:10     | Found a burning altar of Makhleb.
 10843 | D:10     | Noticed Snorg
 10878 | D:11     | Acquired the Enchiridion on Grounded Haze
 11204 | D:11     | Noticed a manticore
 11216 | D:11     | Killed a manticore
 11393 | D:11     | Reached skill level 1 in Shields
 11488 | D:11     | Found a broken altar of Ashenzari.
 11583 | D:11     | Reached XP level 12. HP: 77/77 MP: 11/18
 12199 | Lair:1   | Entered Level 1 of the Lair of Beasts
 12212 | D:9      | HP: 2/77 [komodo dragon (21)]
 12213 | D:9      | Reached skill level 5 in Shields
 12213 | D:9      | Slain by a komodo dragon

Illustrated notes

Levels and vault maps discovered:
D:1:      dpeg_arrival_yet_another_circle, layout_basic
D:2:      layout_loops_cross, chequers_ecumenical_altar_lobes, basic_altar,
          nicolae_half_adder, uniq_natasha, uniq_crazy_yiuf_cottage, uniq_robin
D:3:      layout_loops_ring, uniq_terence
D:4:      layout_loops_ring, minmay_temple_entry_fiery, uniq_grinder,
          uniq_menkaure, uniq_duvessa, uniq_pikel
D:5:      layout_loops_cross, nicolae_zig_zag_zippers, uniq_edmund, uniq_ijyb,
          uniq_blork_the_orc
D:6:      layout_basic, serial_undead, serial_undead_a, serial_undead_c,
          serial_undead_b, serial_undead_a
D:7:      layout_cave_pools, marbit_many_paths, gammafunk_ghost_grave
D:8:      layout_basic, enter_bailey_5, nicolae_inconvenience_store, minivault_1
D:9:      layout_stronghold, dpeg_oklobed_lair, orc_0_dummy
D:10:     layout_loops_cross, kennysheep_mini, gammafunk_temple_overflow_statue,
          uniq_snorg, uniq_sonja
D:11:     layout_stronghold, serial_bayou_lagoon_a, nicolae_ashenzari_panopticon
Temple:   hc_temple_tempest_star
Lair:1:   layout_concentric_octagons, beast_lair_carwin_4

Skill      XL: |  1  2  3  4  5  6  7  8  9 10 11 12 |
---------------+-------------------------------------+-----
Earth Magic    | 4 5 7 8 9 |  9.0
Fighting       | 2 4 5 7 10 | 10.2
Armour         | 8 12 | 12.4
Spellcasting   | 3 4 |  4.0
Fire Magic     | 5 |  5.4
Conjurations   | 6 |  6.1
Translocations | 2 |  2.1
Shields        | 3 5 |  5.1
Dodging        | |  1.5
Stealth        | |  2.1

Action                     |  1- 3 |  4- 6 |  7- 9 | 10-12 || total
---------------------------+-------+-------+-------+-------++-------
  Melee: Mace              |     2 |     6 |     3 |       ||    11
         Dire flail        |       |       |     1 |       ||     1
         Morningstar       |       |       |     7 |    46 ||    53
   Cast: Sandblast         |    47 |    62 |   213 |   261 ||   583
         Fireball          |       |       |       |     3 ||     3
  Evoke: Wand              |       |       |     3 |     4 ||     7
    Use: Scroll            |     2 |       |    12 |    13 ||    27
         Potion            |       |       |     3 |       ||     3
 Armour: Robe              |     7 |    32 |    56 |       ||    95
         Ring mail         |       |       |    86 |   239 ||   325
  Dodge: Dodged            |     9 |    32 |   103 |    99 ||   243

Table legend: (Time is in decaauts)
 A = Elapsed time spent in this place.
 B = Non-inter-level travel time spent in this place.
 C = Inter-level travel time spent in this place.
 D = Time resting spent in this place.
 E = Time spent auto-exploring this place.
 F = Levels seen in this place.
 G = Mean time per level.
                   A        B        C        D        E       F      G
               +--------+--------+--------+--------+--------+-----+--------+
         Total |  12548 |  11812 |    736 |   1616 |   7972 |  14 |  896.3 |
       Dungeon |  12010 |  11305 |    705 |   1525 |   7736 |  11 | 1091.8 |
        Temple |     32 |      2 |     30 |      0 |      0 |   1 |   32.0 |
          Lair |      4 |      4 |      0 |      0 |      0 |   1 |    4.0 |
        Bailey |    500 |    500 |      0 |     91 |    236 |   1 |  500.0 |
               +--------+--------+--------+--------+--------+-----+--------+

Top non-repeatable levels by time:
     D:4: 1600 daAuts
    D:11: 1316 daAuts
     D:1: 1301 daAuts
     D:6: 1294 daAuts
     D:5: 1246 daAuts
     D:3: 1048 daAuts
     D:9: 1034 daAuts
     D:2: 918 daAuts
     D:8: 831 daAuts
     D:7: 806 daAuts
    D:10: 611 daAuts
  Bailey: 500 daAuts
  Temple: 32 daAuts
  Lair:1: 4 daAuts
